 Dungeon Crawl Stone Soup version 0.27-a0-1595-g0b823d0a13 (webtiles) character file.

Game seed: 13404957100164929935

56 zazu2006 the Magician (level 3, -6/28 HPs)
             Began as a Naga Hedge Wizard on July 20, 2021.
             Mangled by Robin (9 damage)
             ... on level 2 of the Dungeon.
             The game lasted 00:03:31 (1684 turns).

zazu2006 the Magician (Naga Hedge Wizard)           Turns: 1684, Time: 00:03:32

Health: -6/28      AC:  2    Str: 11 (12) XL:     3   Next: 97%
Magic:  2/8        EV:  9    Int: 13 (15) God:
Gold:   18         SH:  0    Dex:  9 (10) Spells: 0/9 levels left

rFire    . . .     SeeInvis +   a - +0 dagger
rCold    . . .     Faith    .   (no shield)
rNeg     . . .     Spirit   .   b - +0 robe
rPois    +         Reflect  .   c - +0 hat
rElec    .         Harm     .   (no cloak)
rCorr    .         Rampage  .   (no gloves)
Will     .....                  (no barding)
Stlth    ++........             (no amulet)
HPRegen  0.09/turn              (no ring)
MPRegen  0.11/turn              (no ring)

@: short of breath, very slow
A: AC +1, large, see invisible, deformed body, poison resistance, slowness 2,
spit poison 1, naga tail 1
a: Spit Poison


You were on level 2 of the Dungeon.
You visited 1 branch of the dungeon, and saw 2 of its levels.

You collected 18 gold pieces.

Inventory:

Hand Weapons
 a - a +0 dagger (weapon)
Armour
 b - a +0 robe (worn)
 c - a +0 hat (worn)
Scrolls
 f - 2 scrolls of teleportation {unknown}
 g - a scroll of silence {unknown}
 h - a scroll of torment {unknown}
Potions
 e - a potion of cancellation {unknown}


   Skills:
 + Level 0.1 Fighting
 + Level 1.9 Dodging
 + Level 3.3 Stealth
 + Level 3.9 Spellcasting
 + Level 1.5 Conjurations
 + Level 1.0 Summonings
 + Level 1.0 Translocations


You couldn't memorise any spells.
You knew the following spells:

 Your Spells              Type           Power      Damage    Failure   Level
a - Magic Dart            Conj           24%        1d4       11%         1
b - Mephitic Cloud        Conj/Pois/Air  3%         N/A       45%         3
c - Conjure Flame         Conj/Fire      4%         6-21      41%         3
d - Blink                 Tloc           N/A        N/A       21%         2

Your spell library contained the following spells:

 Spells                   Type           Power      Damage    Failure   Level
 Call Imp                 Summ           5%         N/A       21%         2
 Slow                     Hex            2%         N/A       32%         2
 Confusing Touch          Hex            2%         N/A       54%         3
 Yara's Violent Unravell  Hex/Tmut       1%         3d3       99%         5


Dungeon Overview and Level Annotations

Branches:
Dungeon (2/15)

Altars:

Annotations:
D:2 Robin


Innate Abilities, Weirdness & Mutations

Your serpentine skin is tough. (AC +1)
You have supernaturally acute eyesight. (SInv)
Armour fits poorly on your strangely shaped body.
Your system is resistant to poisons. (rPois)
You cover ground very slowly.
You can spit poison.
You have a snake-like lower body.


Message History

Aiming: Magic Dart (safe; 10% risk of failure)
Press: ? - help, Shift-Dir - straight line, f/p - Robin
Aim: Robin, wielding a +5 club, wearing a +0 animal skin and wearing a +0 helmet (severely wounded, 100% to hit)
The magic dart hits Robin but does no damage.
Robin is severely wounded.
Robin hits you with a +5 club!
Casting: Magic Dart (safe; 10% risk of failure)
Confirm with . or Enter, or press ? or * to list all spells.
Aiming: Magic Dart (safe; 10% risk of failure)
Press: ? - help, Shift-Dir - straight line, f/p - Robin
Aim: Robin, wielding a +5 club, wearing a +0 animal skin and wearing a +0 helmet (severely wounded, 100% to hit)
The magic dart hits Robin but does no damage.
Robin is severely wounded.
You have got your breath back.
Robin closely misses you.
Unknown command.
Unknown command.
You aren't carrying any items that you can evoke.
Casting: Magic Dart (safe; 10% risk of failure)
Confirm with . or Enter, or press ? or * to list all spells.
Aiming: Magic Dart (safe; 10% risk of failure)
Press: ? - help, Shift-Dir - straight line, f/p - Robin
Aim: Robin, wielding a +5 club, wearing a +0 animal skin and wearing a +0 helmet (severely wounded, 100% to hit)
The magic dart hits Robin.
Robin is severely wounded.
Robin completely misses you.
A goblin comes into view.
It is wielding a +0 club and quivering poisoned darts.
Unknown command.
Press: ? - help, Shift-Dir - straight line, f/p - Robin
Aim: Robin, wielding a +5 club, wearing a +0 animal skin and wearing a +0 helmet (severely wounded)
The splash of poison misses Robin.
The splash of poison misses the kobold.
The goblin no longer looks unusually strong.
Robin hits you with a +5 club!
* * * LOW HITPOINT WARNING * * *
It was a potion of degeneration.
There was something very wrong with that liquid.
You feel weakened.
You feel dopey.
You feel clumsy.
The goblin shouts!
You hear a shout! x3
Robin hits you with a +5 club!
You die...

..##### #.#.###.# ##.....##
......# #.#..##.###.......##
....#.#######.....#.##.........##
.....................'.........'.
#..>...######.<.....##.........##
##.#.#†###.......######.......##
#..###.##.###.#.# ##.....##
#.#.#.###.# #.#.# ##...## #.....#
#.# #.#@# ##'## ####.## #.# #.#g#
### #.# #.###.#K# ## ≈≈ #.#
#.......# .###≈≈≈ ## #.#
####...## ....... .####.# #.g.#
..g.... ...†..# #...###.....≈≈
.###### #......g...≈.. .#
#.#.##.....≈..


You could see Robin, a goblin and a kobold.

Vanquished Creatures
  An adder (D:2)
  A dart slug (D:1)
  2 bats
  6 endoplasms
  2 giant cockroaches (D:1)
  4 goblins
  5 hobgoblins
  3 jackals (D:1)
  4 ball pythons
  2 frilled lizards (D:1)
  3 kobolds (D:1)
  9 rats
42 creatures vanquished.

Vanquished Creatures (others)
  2 demonic plants (D:1)
2 creatures vanquished.

Grand Total: 44 creatures vanquished

Notes
Turn   | Place    | Note
-------+----------+-------------------------------------------
     0 | D:1      | zazu2006 the Naga Hedge Wizard began the quest for the Orb.
     0 | D:1      | Reached XP level 1. HP: 15/15 MP: 4/4
   368 | D:1      | Reached XP level 2. HP: 22/22 MP: 4/6
   758 | D:1      | Found a faded altar of an unknown god.
   782 | D:1      | Reached XP level 3. HP: 24/28 MP: 1/8
   786 | D:1      | Learned a level 3 spell: Mephitic Cloud
   790 | D:1      | Learned a level 3 spell: Conjure Flame
   793 | D:1      | Learned a level 2 spell: Blink
  1665 | D:2      | Noticed Robin
  1684 | D:2      | Mangled by Robin

Illustrated notes

Levels and vault maps discovered:
D:1:      saegor_arrival_simple_d, layout_rooms,
          dreamdust_ecumenical_altar_sealed_demon
D:2:      cheibrodos_helix_gallery, layout_loops_corners, serial_shops, shop,
          uniq_robin

Action                   || total
-------------------------++-------
Melee: Dagger            ||    34
 Cast: Magic Dart        ||    98
 Abil: Spit Poison       ||    16
  Use: Potion            ||     1
Armor: Robe              ||     4
Dodge: Dodged            ||    30

Table legend: (Time is in decaauts)
 A = Elapsed time spent in this place.
 B = Non-inter-level travel time spent in this place.
 C = Inter-level travel time spent in this place.
 D = Time resting spent in this place.
 E = Time spent auto-exploring this place.
 F = Levels seen in this place.
 G = Mean time per level.
                   A        B        C        D        E       F      G
               +--------+--------+--------+--------+--------+-----+--------+
         Total |   1893 |   1893 |      0 |    222 |   1383 |   2 |  946.5 |
       Dungeon |   1893 |   1893 |      0 |    222 |   1383 |   2 |  946.5 |
               +--------+--------+--------+--------+--------+-----+--------+

Top non-repeatable levels by time:
     D:1: 1448 daAuts
     D:2: 444 daAuts
